Map: Prion Terraces

Players

Wibang - Winner!

  • Race: Zerg Zerg
  • League: Master

Schme

  • Race: Zerg Zerg
  • League: Platinum

VOD

Have the link to the VOD?

Description

Time

  • Played on: Nov. 16, 2015, 11:38 a.m.
  • Length: 4:33
Show
View Real Time Build Order
Export as new Build Order

Wibang Zerg - Winner!

Build Orders: Pool First 

Get SALT Encoding   

  12  0:00  Drone  
  13  0:12  Overlord  
  13  0:17  Drone  
  14  0:30  Drone  
  14  0:31  Drone  
  14  0:34  Drone  
  17  0:45  Spawning Pool  
  17  0:47  Drone  
  17  1:12  Hatchery  
  17  1:14  Drone  
  17  1:16  Extractor  
  17  1:17  Drone  
  17  1:23  Drone  
  18  1:30  Overlord  
  18  1:36  Queen  
  20  1:42  Zergling x2  
  21  1:50  Zergling x2  
  22  2:00  Drone  
  23  2:12  Drone, Queen  
  26  2:18  Metabolic Boost  
  26  2:24  Queen  
  26  2:25  Drone  
  29  2:32  Overlord  
  29  2:43  Baneling Nest  
  28  2:45  Drone x3  
  28  2:50  Zergling x2  
  28  2:51  Zergling x2  
  33  2:55  Drone  
  34  3:07  Zergling x6  
  34  3:08  Zergling x2  
  38  3:15  Zergling x2  
  39  3:20  Zergling x2  
  39  3:21  Zergling x6  
  43  3:30  Drone  
  43  3:31  Overlord  
  44  3:45  Roach Warren  
  44  3:46  Overlord  
  43  3:49  Baneling x4  
  43  3:52  Drone  
  43  3:53  Drone x4  
  48  4:01  Drone x3  
  50  4:09  Overlord  
  50  4:12  Drone x3  
  50  4:13  Drone  
Show
View Real Time Build Order
Export as new Build Order

Schme Zerg 

Build Orders: Hatch First 

Get SALT Encoding   

  12  0:01  Drone  
  13  0:13  Overlord  
  13  0:17  Drone  
  14  0:31  Drone x2  
  14  0:35  Drone  
  17  0:53  Hatchery  
  17  0:55  Drone  
  17  1:10  Spawning Pool  
  16  1:13  Drone, Extractor  
  16  1:16  Drone  
  17  1:24  Drone  
  18  1:30  Drone  
  19  1:40  Overlord  
  19  1:57  Zergling x2  
  19  1:59  Queen  
  22  2:03  Drone  
  22  2:05  Queen  
  22  2:06  Drone  
  26  2:18  Zergling x4  
  26  2:20  Metabolic Boost  
  26  2:22  Zergling x2  
  29  2:39  Drone x2  
  29  2:40  Drone  
  31  2:50  Zergling x4  
  31  2:51  Baneling Nest  
  32  2:59  Overlord x2  
  32  3:11  Overlord  
  32  3:12  Overlord  
  32  3:17  Zergling x4  
  32  3:18  Zergling x4  
  35  3:27  Overlord x2  
  35  3:29  Drone  
  36  3:42  Baneling x4  
  36  3:43  Drone x3, Baneling x2  
  36  3:46  Drone  
  40  3:53  Drone  
  40  3:54  Drone x2  
  42  4:03  Zergling x4  
  42  4:04  Zergling x4  
  45  4:18  Spine Crawler  
Tags
 
Add a new tag
Caveats
  • Supply blocks, unpowered buildings, or Contaminate may cause inaccurate times.
  • Supply counts are checked every 10 seconds.